 Dungeon Crawl Stone Soup version 0.28.0-47-ge53b351184 (webtiles) character file.

Game seed: 1936935858994323160

60 nickcage the Gusty (level 3, -3/19 HPs)
             Began as a Deep Elf Air Elementalist on May 10, 2022.
             Slain by a gnoll
             ... wielding a +0 spear
              (8 damage)
             ... on level 2 of the Dungeon.
             The game lasted 00:02:22 (974 turns).

nickcage the Gusty (Deep Elf Air Elementalist)       Turns: 974, Time: 00:02:23

Health: -3/19      AC:  3    Str:  5    XL:     3   Next: 82%
Magic:  3/9        EV: 12    Int: 21    God:
Gold:   57         SH:  0    Dex: 15    Spells: 4/8 levels left

rFire   . . .      SeeInvis .   c - +0 short sword
rCold   . . .      Faith    .   (no shield)
rNeg    . . .      Spirit   .   a - +0 robe
rPois   .          Reflect  .   (no helmet)
rElec   .          Harm     .   (no cloak)
rCorr   .          Rampage  .   (no gloves)
Will    .....                   i - +0 pair of boots
Stlth   ++........              (no amulet)
HPRegen 0.06/turn               (no ring)
MPRegen 0.11/turn               (no ring)

@: no status effects
A: no striking features
a: no special abilities


You were on level 2 of the Dungeon.
You visited 1 branch of the dungeon, and saw 2 of its levels.

You collected 57 gold pieces.

Inventory:

Hand Weapons
 c - a +0 short sword (weapon)
Armour
 a - a +0 robe (worn)
 i - a +0 pair of boots (worn)
Scrolls
 b - a scroll of enchant weapon {unknown}
 f - a scroll of noise {unknown}
 g - a scroll of magic mapping {unknown}
Potions
 d - a potion of attraction {unknown}
 e - a potion of resistance {unknown}
 h - a potion of curing {unknown}


   Skills:
 - Level 2.4 Dodging
 - Level 2.4 Stealth
 - Level 3.0 Spellcasting
 - Level 1.1 Conjurations
 + Level 4.8 Air Magic


You had 4 spell levels left.
You knew the following spells:

 Your Spells              Type           Power      Damage    Failure   Level
a - Shock                 Conj/Air       60%        1d6       4%          1
b - Swiftness             Air            23%        N/A       5%          3

Your spell library contained the following spells:

 Spells                   Type           Power      Damage    Failure   Level
 Static Discharge         Conj/Air       15%        N/A       6%          2
 Airstrike                Air            11%        N/A       19%         4


Dungeon Overview and Level Annotations

Branches:
Dungeon (2/15)

Altars:

Shops:
D:1 (


Message History

The gnoll is almost dead.
You barely miss the gnoll.
The gnoll is almost dead.
The gnoll closely misses you.
You hit the gnoll but do no damage.
The gnoll is almost dead.
The gnoll hits you with a +0 flail.
You hit the gnoll.
You kill the gnoll!
You start resting.
Magic restored.
You start resting.
HP restored.
Things that are here:
a +0 flail; a gnoll corpse
There is an open door here.
Things that are here:
a +0 spear; a gnoll corpse
Things that are here:
a +0 flail; a scroll labelled CERUHI BIHO The zap hits the gnoll.
The gnoll is moderately wounded.
The gnoll shouts!
The zap hits the gnoll.
The gnoll is heavily wounded.
The zap hits the gnoll but does no damage.
The gnoll is heavily wounded.
The zap misses the gnoll.
The zap hits the gnoll but does no damage.
The gnoll is heavily wounded.
The zap hits the gnoll but does no damage.
The gnoll is heavily wounded.
The gnoll hits you from afar with a +0 spear.
The zap hits the gnoll.
The gnoll is severely wounded.
The gnoll hits you from afar with a +0 spear!
The gnoll hits you from afar with a +0 spear.
* * * LOW HITPOINT WARNING * * *
The gnoll hits you from afar with a +0 spear!
You die...

................
................
...............
...............
#...........
#...).......###
#...)g......#..
#...........#.######
#..@........#.#....#
##.#'##+#'#.#.#.....
#.#.## #.#.#.#<.#.#
#.#.##.#.#.#.......
#.#.##.#.#.####.###
#.#.##.............
#.#.####.#.########
#.#..)...#........
################


You could see a gnoll.

Vanquished Creatures
  3 gnolls (D:2)
  2 dart slugs (D:1)
  4 bats (D:1)
  3 endoplasms (D:1)
  A giant cockroach (D:1)
  A goblin (D:1)
  A hobgoblin (D:1)
  2 jackals (D:1)
  A kobold (D:1)
  2 quokkas (D:1)
  4 ball pythons
  A rat (D:1)
25 creatures vanquished.

Notes
Turn   | Place    | Note
-------+----------+-------------------------------------------
     0 | D:1      | nickcage the Deep Elf Air Elementalist began the quest for
                  | the Orb.
     0 | D:1      | Reached XP level 1. HP: 10/10 MP: 6/6
   105 | D:1      | Reached XP level 2. HP: 15/15 MP: 5/8
   360 | D:1      | Found Lulac's Weapon Shoppe.
   412 | D:1      | Reached skill level 4 in Air Magic
   536 | D:1      | Found a faded altar of an unknown god.
   633 | D:1      | Reached XP level 3. HP: 19/19 MP: 7/9
   637 | D:1      | Learned a level 3 spell: Swiftness
   974 | D:2      | Slain by a gnoll

Illustrated notes

Levels and vault maps discovered:
D:1:      minmay_arrival_arboretum_small, layout_rooms, basic_ecumenical_altar,
          serial_shops, nicolae_shop_bloodbath_and_beyond,
          chequers_serial_rivers_room_a, lemuel_old_faithful
D:2:      layout_basic, serial_shops, nicolae_square_shop,
          kennysheep_pointless_box, minmay_pentomino_s2, uniq_robin

Skill      XL: |  1  2 |
---------------+-------+-----
Air Magic      | 4 |  4.8
Dodging        | |  2.4
Stealth        | |  2.4
Spellcasting   | |  3.0
Conjurations   | |  1.1

Action                   || total
-------------------------++-------
Melee: Short sword       ||     3
 Cast: Shock             ||    61
Dodge: Dodged            ||     3
